 Dungeon Crawl Stone Soup version 0.30-a0-760-g5a9884bb7c (webtiles) character file.

Game seed: 13334713618452412224

316 tilp the Slasher (level 7, -2/59 HPs)
             Began as a Meteoran Fighter on Feb 10, 2023.
             Slain by Robin
             ... wielding a +5 heavy spear
              (11 damage)
             ... on level 3 of the Dungeon.
             The game lasted 00:06:19 (1226 turns).

tilp the Slasher (Meteoran Fighter)                 Turns: 1226, Time: 00:06:19

Health: -2/59      AC: 11    Str: 18    XL:     7   Next: 3%
Magic:  8/8        EV:  6    Int:  9    God:
Gold:   56         SH:  5    Dex: 16    Spells: 6/6 levels left

rFire   + . .      SeeInvis .    a - +0 long sword
rCold   + . .      Faith    .    c - +0 buckler
rNeg    . . .      Spirit   .    f - +0 plate armour
rPois   .          Reflect  .    (no helmet)
rElec   .          Harm     .    e - scarf {rC+ rF+}
rCorr   .          Rampage  .    (no gloves)
Will    .....                    (no boots) Stlth
                                 (no amulet)
HPRegen 0.29/turn                (no ring)
MPRegen 0.11/turn                (no ring)

@: mighty, glowing
A: sense surroundings 1, otherworldly, glowing, explore regen
a: no special abilities


You were on level 3 of the Dungeon.
You visited 1 branch of the dungeon, and saw 4 of its levels.
You also visited: Sewer.

You collected 56 gold pieces.

Inventory:

Hand Weapons
 a - a +0 long sword (weapon)
 k - a +1 dagger of venom
Missiles
 j - 30 poisoned darts (quivered)
Armour
 c - a +0 buckler (worn)
 e - a scarf of resistance (worn)
 f - a +0 plate armour (worn)
 h - an orb of wrath
 l - a +0 chain mail
Scrolls
 m - 2 scrolls of teleportation
 r - a scroll of immolation
Potions
 b - a potion of resistance {unknown}
 d - a potion of might
 g - a potion of cancellation {unknown}
 i - a potion of curing {unknown}
 n - a potion of attraction {unknown}
 o - a potion of flight {unknown}
 p - 4 potions of heal wounds {unknown}
 q - a potion of haste {unknown}
 s - a potion of invisibility {unknown}


   Skills:
 - Level 4.0 Fighting
 * Level 4.8 Long Blades
 - Level 4.0 Armour
 - Level 4.0 Dodging
 - Level 2.0 Stealth
 - Level 4.0 Shields


You had 6 spell levels left.
You didn't know any spells.
Your spell library was empty.

Dungeon Overview and Level Annotations

Branches:
Dungeon (4/15) Zot: 1568    Sewer (visited)
 Temple: D:4-7

Altars:

Annotations:
D:3 Robin


Innate Abilities, Weirdness & Mutations

You passively map a small area around you.
You are easily found by Zot.
You glow in the dark.
You regain HP and MP as you explore.


Message History

* * * LOW HITPOINT WARNING * * *
The hobgoblin hits you but does no damage.
You slash the hobgoblin!
You kill the hobgoblin!
The hobgoblin barely misses you. The goblin hits you but does no damage.
You barely miss the goblin. The goblin hits you but does no damage.
You slash the goblin!
You kill the goblin!
The hobgoblin no longer looks unusually strong.
Robin roars a battlecry!
The hobgoblins go into a battle-frenzy!
The hobgoblin hits you but does no damage. x2
The hobgoblin barely misses you. The hobgoblin hits you.
* * * LOW HITPOINT WARNING * * *
You slash the hobgoblin!
You kill the hobgoblin!
Robin says, "Bow before me, strongest of all the hobgoblins!"
Robin barely misses you. You block the hobgoblin's attack.
You slash the hobgoblin!
You kill the hobgoblin!
You block Robin's attack. The hobgoblin closely misses you.
There is an open door here.
You see here a hobgoblin corpse.
You slash Robin!
Robin is moderately wounded.
The hobgoblin hits you.
* * * LOW HITPOINT WARNING * * *
Robin hits you with a +5 heavy spear.
* * * LOW HITPOINT WARNING * * *
You closely miss Robin.
Robin is moderately wounded.
The hobgoblin hits you but does no damage.
You block Robin's attack.
You hit Robin.
Robin is severely wounded.
The hobgoblin hits you but does no damage.
You hit Robin.
Robin is almost dead.
Robin hits you with a +5 heavy spear!
You die...

#####.####≈≈#########..#.gg#
#....#≈≈#..........#.g.#
####....'...).....[#ggg#
##...'...)......#...#
#...'..........#g..#
##≈≈#..........#...#
#≈≈#########..##g'#
##≈≈≈).#g..#......#
#≈≈≈))@g).'......#
##≈≈..#...#......#
#################


You could see Robin and a hobgoblin (strong).

Vanquished Creatures
  2 kobold brigands (Sewer)
  3 adders
  5 river rats (Sewer)
  A dart slug (D:1)
  3 ball pythons
  A bat (D:1)
  3 endoplasms
  3 giant cockroaches (D:3)
  16 goblins
  7 hobgoblins
  5 jackals (D:3)
  18 kobolds
  6 quokkas
  2 frilled lizards
  27 rats
102 creatures vanquished.

Notes
Turn   | Place    | Note
-------+----------+-------------------------------------------
     0 | D:1      | tilp the Meteoran Fighter began the quest for the Orb.
     0 | D:1      | Reached XP level 1. HP: 19/19 MP: 2/2
    92 | D:2      | Reached XP level 2. HP: 26/26 MP: 3/3
   205 | D:2      | Reached skill level 1 in Dodging
   205 | D:2      | Reached XP level 3. HP: 21/31 MP: 4/4
   347 | D:2      | Reached XP level 4. HP: 38/38 MP: 5/5
   393 | D:3      | Reached skill level 1 in Stealth
   472 | D:3      | Found a glowing drain.
   512 | Sewer    | Entered a sewer
   545 | Sewer    | Noticed a kobold brigand
   568 | Sewer    | Killed a kobold brigand
   569 | Sewer    | Reached XP level 5. HP: 9/46 MP: 6/6
   686 | Sewer    | Reached XP level 6. HP: 51/52 MP: 7/7
  1186 | D:3      | Noticed Robin
  1210 | D:3      | Reached XP level 7. HP: 18/59 MP: 8/8
  1226 | D:3      | Slain by Robin

Illustrated notes

Levels and vault maps discovered:
D:1:      nicolae_arrival_memento_mori, layout_basic
D:2:      layout_rooms
D:3:      kennysheep_goblin_castle, layout_basic, portal_sewer_entry_f,
          minivault_24
D:4:      layout_basic, uniq_pikel, uniq_duvessa

Skill      XL: |  1  2  3  4  5  6 |
---------------+-------------------+-----
Dodging        | 1 2 4 |  4.0
Long Blades    | 3 4 |  4.8
Stealth        | 1 2 |  2.0
Armour         | 4 |  4.0
Shields        | 4 |  4.0
Fighting       | 4 |  4.0

Action                     |  1- 3 |  4- 6 |  7- 9 || total
---------------------------+-------+-------+-------++-------
  Melee: Long sword        |    61 |   218 |    16 ||   295
  Throw: Dart              |       |     1 |       ||     1
    Use: Scroll            |       |     4 |       ||     4
         Potion            |       |     1 |       ||     1
 Armour: Plate armour      |    43 |   181 |    16 ||   240
  Dodge: Dodged            |     8 |    59 |     6 ||    73
  Block: Buckler           |    14 |    72 |     5 ||    91

Table legend: (Time is in decaauts)
 A = Elapsed time spent in this place.
 B = Non-inter-level travel time spent in this place.
 C = Inter-level travel time spent in this place.
 D = Time resting spent in this place.
 E = Time spent auto-exploring this place.
 F = Levels seen in this place.
 G = Mean time per level.
                   A        B        C        D        E       F      G
               +--------+--------+--------+--------+--------+-----+--------+
         Total |   1313 |   1234 |     79 |      0 |      0 |   5 |  262.6 |
       Dungeon |    830 |    751 |     79 |      0 |      0 |   4 |  207.5 |
         Sewer |    483 |    483 |      0 |      0 |      0 |   1 |  483.0 |
               +--------+--------+--------+--------+--------+-----+--------+

Top non-repeatable levels by time:
   Sewer: 483 daAuts
     D:3: 443 daAuts
     D:2: 219 daAuts
     D:1: 165 daAuts
     D:4: 1 daAuts
